 Dungeon Crawl Stone Soup version 0.18-a0-801-gb01a236 (webtiles) character file.

65 JokEr the Ducker (level 4, -3/33 HPs)
             Began as an Octopode Fighter on Dec 14, 2015.
             Slain by an adder (4 damage)
             ... on level 2 of the Dungeon.
             The game lasted 00:02:28 (1331 turns).

JokEr the Ducker (Octopode Fighter)                 Turns: 1331, Time: 00:02:29

Health: -3/33      AC:  1    Str: 21    XL:     4   Next: 13%
Magic:  4/4        EV: 11    Int: 10    God:
Gold:   72         SH: 10    Dex: 11    Spells: 0 memorised, 3 levels left

rFire  . . .     SeeInvis .     a - +0 war axe
rCold  . . .     Clarity  .     b - +1 shield
rNeg   . . .     SustAt   .     (helmet restricted)
rPois  .         Gourm    .     h - amulet of rage
rElec  .         Spirit   .     (no ring)
rCorr  .         Dismiss  .     (no ring)
rMut   .         Stasis   .     (no ring)
MR     .....                    (no ring)
Stlth  ++........               (no ring)
                                (no ring)
                                (no ring)
                                (no ring)

@: mighty, lethally poisoned (-3 -> -12), not resistant to hostile enchantments,
unstealthy
A: almost no armour, amphibious, 8 rings, constrict 8, camouflage 1, gelatinous
body 1
a: Evoke Berserk Rage


You were on level 2 of the Dungeon.
You were not hungry.

You visited 1 branch of the dungeon, and saw 2 of its levels.

You collected 72 gold pieces.

Inventory:

Hand Weapons
 a - a +0 war axe (weapon)
Armour
 b - a +1 shield (worn)
Jewellery
 h - an amulet of rage (around mantle)
Scrolls
 e - a scroll of identify
Potions
 c - a potion of might
 g - a potion of ambrosia {unknown}
 i - 2 potions of curing {unknown}
Comestibles
 d - a bread ration
 f - a meat ration
 j - a chunk of flesh


   Skills:
 + Level 3.7 Fighting
 + Level 2.8 Axes
 + Level 3.8 Dodging
 - Level 3.0 Shields


You had 3 spell levels left.
You didn't know any spells.

Dungeon Overview and Level Annotations

Branches:
Dungeon (2/15)

Altars:
Nemelex Xobeh

Annotations:
D:2 Ijyb


Innate Abilities, Weirdness & Mutations

You cannot wear most types of armour.
You are amphibious.
You can wear up to eight rings at the same time.
You can use your tentacles to constrict eight enemies at once.
Your skin changes colour to match your surroundings (Stealth).
Your rubbery body absorbs attacks (AC +1).


Message History

The adder is moderately wounded.
You hit Ijyb.
Ijyb is moderately wounded.
You feel sick.
Ijyb zaps a wand.
The magic dart hits you! You block the adder's attack. Ijyb hits you.
You barely miss Ijyb. Your grab misses Ijyb.
Ijyb is moderately wounded.
Your shield prevents you from hitting the adder.
The adder is moderately wounded.
You feel sick. You block the adder's attack.
Ijyb zaps a wand.
The magic dart hits you!
* * * LOW HITPOINT WARNING * * *
You block the adder's attack.
Drink which item? (? for menu, Esc to quit)
You feel very mighty all of a sudden. The adder bites you.
* * * LOW HITPOINT WARNING * * *
You are more poisoned.
The adder poisons you! You block Ijyb's attack. The adder bites you.
You die...

.....# .....# .....#
#########+### (....#
#...........#
.....#####.........(.#
.........'.......?...#
....)#####...........#
.....# #.......S...#
.....# #...$..@g...#
.....# #...........#
.....# #...........#
###### #...........#
#...........#
#############


You could see Ijyb and an adder.

Vanquished Creatures
  Jessica (D:2)
  A giant gecko (D:1)
  3 goblins
  6 hobgoblins (D:1)
  4 jackals (D:1)
  3 bats
  7 giant newts
  8 kobolds
  6 rats
39 creatures vanquished.

Notes
Turn   | Place    | Note
--------------------------------------------------------------
     0 | D:1      | JokEr the Octopode Fighter began the quest for the Orb.
     0 | D:1      | Reached XP level 1. HP: 16/16 MP: 1/1
   164 | D:1      | Reached XP level 2. HP: 17/21 MP: 2/2
   549 | D:1      | Reached XP level 3. HP: 17/26 MP: 3/3
   859 | D:1      | Found a sparkling altar of Nemelex Xobeh.
  1185 | D:2      | Noticed Jessica
  1192 | D:2      | Killed Jessica
  1192 | D:2      | Reached XP level 4. HP: 29/32 MP: 4/4
  1321 | D:2      | Noticed Ijyb
  1331 | D:2      | HP: 1/33 [adder (1)]
  1331 | D:2      | Slain by an adder

Vault maps used:
D:1:      matt_arrival_spirals, nemelex_xobeh_ov_fountains_minmay
D:2:      first_bread, uniq_iyjb, uniq_jessica

Action                   |  1- 3 |  4- 6 || total
-------------------------+-------+-------++-------
Melee: War axe           |    63 |    10 ||    73
  Use: Scroll            |     3 |       ||     3
       Potion            |       |     1 ||     1
 Stab: Sleeping          |     4 |     2 ||     6
  Eat: Chunk             |       |     1 ||     1
